 Dungeon Crawl Stone Soup version 0.26.0-16-gc1dbca0489 (console) character file.

Game seed: 1133910395574373038

183656 jejorda2 the Executioner (level 18, -12/170 HPs)
             Began as a Hill Orc Berserker on Jan 20, 2021.
             Was the Champion of Trog.
             Killed from afar by a merfolk aquamancer (43 damage)
             ... with a torrent of water
             ... on level 4 of the Shoals.
             The game lasted 01:44:37 (34351 turns).

jejorda2 the Executioner (Hill Orc Berserker)      Turns: 34351, Time: 01:44:37

Health: -12/170    AC: 30    Str: 30    XL:     18   Next: 38%
Magic:  6/6        EV: 16    Int:  7    God:    Trog [******]
Gold:   2599       SH:  5    Dex: 11    Spells: 17/17 levels left

rFire    . . .     SeeInvis .   a - +3 executioner's axe (antimagic)
rCold    . . .     Faith    .   (shield currently unavailable)
rNeg     . . .     Spirit   .   O - +4 chain mail {rPois}
rPois    +         Reflect  +   M - +2 hat {Will+}
rElec    .         Harm     .   J - +2 cloak
rCorr    .         Rampage  .   S - +0 pair of gloves {Str+3}
Will     ++++.                  v - +2 pair of boots
Stlth    ..........             p - amulet of reflection
HPRegen  1.38/turn              T - ring of flight
MPRegen  0.10/turn              P - +4 ring of evasion

@: regenerating
A: no striking features
a: Renounce Religion, Evoke Flight, Berserk, Trog's Hand, Brothers in Arms


You were on level 4 of the Shoals.
You worshipped Trog.
Trog was exalted by your worship.
You visited 4 branches of the dungeon, and saw 25 of its levels.
You visited the Abyss 1 time.
You also visited: Ice Cave and Volcano.

You collected 4385 gold pieces.
You spent 1786 gold pieces at shops.

Inventory:

Hand Weapons
 a - a +3 antimagic executioner's axe (weapon)
 b - a +0 battleaxe of flaming
 s - a +4 executioner's axe
Missiles
 e - 73 boomerangs
 j - 58 poisoned darts (quivered)
 m - 4 throwing nets
 n - 19 curare-tipped darts
 Z - 65 silver javelins
Armour
 v - a +2 pair of boots (worn)
 J - a +2 cloak (worn)
 M - a +2 hat of willpower (worn)
 N - a +2 chain mail of fire resistance
 O - a +4 chain mail of poison resistance (worn)
 S - a +0 pair of gloves of strength (worn)
Jewellery
 i - an uncursed ring of positive energy
 k - an uncursed ring of see invisible
 p - an amulet of reflection (around neck)
 P - a +4 ring of evasion (right hand)
 T - a ring of flight (left hand)
 U - an uncursed ring of fire
Wands
 c - a wand of acid (15)
 l - a wand of paralysis (21)
 t - a wand of digging (14)
 u - a wand of flame (44)
 C - a wand of polymorph (8)
 D - a wand of disintegration (42)
 G - a wand of enslavement (6)
Scrolls
 h - 17 scrolls of teleportation
 q - a scroll of fear
 r - 3 scrolls of magic mapping
 w - 2 scrolls of blinking
 A - 2 scrolls of fog
 H - 2 scrolls of summoning
 I - 12 scrolls of identify
 L - 4 scrolls of remove curse
 Q - a scroll of enchant armour
 Y - a scroll of silence
Potions
 d - 9 potions of flight
 f - a potion of attraction
 g - 8 potions of curing
 o - 2 potions of resistance
 x - 5 potions of mutation
 z - 3 potions of invisibility
 B - 7 potions of might
 E - a potion of berserk rage
 F - 2 potions of ambrosia
 K - 4 potions of haste
 R - 2 potions of cancellation
 W - 8 potions of heal wounds
Miscellaneous
 V - a condenser vane


   Skills:
 + Level 17.6 Fighting
 - Level 26.0 Axes
 - Level 19.1 Armour
 + Level 5.5 Dodging
 + Level 9.5 Evocations


You had 17 spell levels left.
You didn't know any spells.
Your spell library was empty.

Dungeon Overview and Level Annotations

Branches:
Dungeon (13/15)            Temple (0/1) D:6            Lair (6/6) D:11
 Shoals (4/4) Lair:2       Spider (0/4) Lair:2        Slime (0/5) Lair:5
    Orc (2/2) D:12            Elf (0/3) Orc:2         IceCv (visited)
Volcano (visited)
 Vaults: D:13-14

Altars:
Gozag
Kikubaaqudgha
Nemelex Xobeh
Okawaru
Trog
Uskayaw
Vehumet
Beogh
Jiyva

Shops:
D:4 (   D:12 (   Orc:2 =[}*([   Shoals:1 *   Shoals:2 *

Annotations:
D:3 exclusion: 2 goblins
D:5 exclusion: statue
Lair:5 2 transporters, Hamlark's ghost, journeyman HOFi


Message History

The ball of steam hits you!
Your skin crawls.
You feel strong-willed.
You are engulfed in a cloud of scalding steam.
The merfolk aquamancer gestures at you while chanting.
The ball of steam hits you!
* * * LOW HITPOINT WARNING * * *
The merfolk aquamancer points at you and mumbles some strange words.
The torrent of water hits you!!
* * * LOW HITPOINT WARNING * * *
The wave splashes down.
Splash!
You fall into the shallow water.
Moving in this stuff is going to be slow.
You hear a shout! x5
Items here: ) [ †.
You closely miss the merfolk aquamancer.
The merfolk aquamancer gestures at you while chanting.
The torrent of water hits you!!!
You die...

#÷.#..........≈.##.≈.≈≈≈≈≈≈≈≈≈
≈≈..#........≈≈##..≈≈≈.≈≈≈≈≈≈
≈≈#≈#≈......≈≈≈....≈..≈.≈≈≈≈≈
≈≈≈≈#≈........≈≈≈†.###....≈≈≈
≈#≈≈#≈........≈≈...###..≈≈≈≈
≈†.≈#≈≈....?..≈≈..).....≈≈≈≈
.†≈##≈.......≈≈≈....)....≈≈≈
≈≈##≈≈≈......≈≈).........≈≈≈
###..≈..........@m...)...≈≈≈
≈≈...≈#≈#≈...............≈≈≈
≈...≈#≈≈≈#≈..............≈≈≈
≈...#≈≈≈≈≈#..............≈≈≈
≈≈..≈≈≈≈≈≈≈..............≈≈≈
≈≈..#≈ ≈≈≈#.......≈≈≈....≈≈≈
≈..≈≈# ≈#≈.....#######.
≈≈.≈≈≈# ≈.....# ...≈≈≈.


You could see a merfolk aquamancer.

Vanquished Creatures
  A bone dragon (Abyss:1)
  Gastronok (Lair:1)
  Ilsuiw (Shoals:3)
  An orc warlord (Orc:2)
  Louise (Shoals:2)
  A lorocyproca (Abyss:1)
  A deep elf demonologist (Abyss:1)
  7 merfolk javelineers
  2 merfolk impalers
  A rakshasa (D:13)
  A catoblepas (Lair:6)
  A centaur warrior (D:13)
  4 hydras
  4 merfolk avatars
  Erica (D:11)
  A satyr (Shoals:4)
  4 two-headed ogres
  A dancing weapon (Volcano)
  5 merfolk aquamancers
  12 death yaks
  2 orc high priests (Orc:2)
  A thrashing horror (Abyss:1)
  A wretched star (Abyss:1)
  A sixfirhy (Abyss:1)
  2 unseen horrors
  22 sea snakes
  5 wizards (Volcano)
  17 harpies
  A necromancer (IceCv)
  An oklob plant (Lair:4)
  An ugly thing (D:13)
  2 orc knights (Orc:2)
  2 cyclopes (Shoals:4)
  10 manticores
  17 fauns
  5 toenail golems (Volcano)
  9 merfolk sirens
  3 black mambas
  26 elephants
  3 smoke demons (Abyss:1)
  3 ice statues (IceCv)
  Maggie (Lair:2)
  9 water nymphs
  Psyche (D:10)
  15 cane toads
  2 torpor snails
  A freezing wraith (Abyss:1)
  6 komodo dragons
  8 rime drakes
  7 ice devils (IceCv)
  2 hellwings (Abyss:1)
  An efreet (D:13)
  2 ancient zymes (Abyss:1)
  3 polar bears (Lair:6)
  3 trolls
  25 merfolk
  8 wind drakes
  5 hornets
  8 blink frogs
  2 raiju (Abyss:1)
  5 slime creatures (D:13)
  7 dream sheep
  5 snapping turtles
  5 starcursed masses (Abyss:1)
  4 water elementals
  A vampire (D:10)
  3 shadows
  12 spriggans (Lair:6)
  A wraith (D:11)
  Sigmund (D:3)
  Grum (Lair:1)
  5 wyverns
  A chaos spawn (Abyss:1)
  A neqoxec (Abyss:1)
  46 yaks
  2 vampire mosquitoes (D:13)
  2 wargs (Orc:1)
  An acid dragon (D:13)
  7 water moccasins
  5 ice beasts
  6 black bears
  2 hornet zombies
  24 orc warriors
  3 sky beasts
  9 ogres
  45 wolves
  3 boggarts (Lair:6)
  5 centaurs
  A necrophage (D:6)
  4 big kobolds
  A small abomination (Abyss:1)
  14 bullfrogs
  3 scorpions
  5 killer bees (D:13)
  21 wights
  3 vampire bats (D:4)
  An electric eel (D:13)
  3 howler monkeys
  4 quasits
  3 centaur zombies
  2 draconian simulacra (IceCv)
  3 jellies
  13 orc priests
  3 bullfrog skeletons
  A centaur skeleton (D:7)
  3 hounds
  25 orc wizards
  A gnoll shaman (D:5)
  An iguana (D:8)
  3 troll simulacra (IceCv)
  10 worker ants
  2 killer bee zombies
  4 centaur simulacra (IceCv)
  A worker ant zombie (D:8)
  13 gnolls
  19 adders
  An ogre simulacrum (IceCv)
  3 white imps
  4 ufetubi
  2 adder skeletons
  4 worms
  4 leopard geckos
  89 orcs
  7 bats
  4 bat skeletons (D:4)
  2 bat zombies (D:4)
  3 giant cockroaches
  8 goblins
  9 hobgoblins
  17 jackals
  29 kobolds
  5 quokkas
  4 frilled lizards
  2 leopard gecko zombies
  A quokka skeleton (D:4)
  7 rats
878 creatures vanquished.

Vanquished Creatures (collateral kills)
  A bone dragon (Abyss:1)
  Sonja (D:13)
  3 oklob plants (Lair:4)
  A harpy (Shoals:4)
  The ghost of SturgillTurtle the Cleaver, a novice MiBe of Trog (D:6)
  A smoke demon (Abyss:1)
  3 dream sheep (Shoals:4)
  4 starcursed masses (Abyss:1)
  An orc warrior (D:6)
  A quasit (Abyss:1)
  A howler monkey skeleton (D:6)
  An orc (D:13)
19 creatures vanquished.

Vanquished Creatures (others)
  A bush (Lair:6)
  6 demonic plants (Abyss:1)
  13 fungi
  67 plants
87 creatures vanquished.

Grand Total: 984 creatures vanquished

Notes
Turn   | Place    | Note
-------+----------+-------------------------------------------
     0 | D:1      | jejorda2 the Hill Orc Berserker began the quest for the
                  | Orb.
     0 | D:1      | Reached XP level 1. HP: 19/19 MP: 1/1
     6 | D:1      | Noticed a five-headed hydra
     6 | D:1      | Noticed a lindwurm
     6 | D:1      | Noticed a komodo dragon
     7 | D:1      | Noticed a black bear
     7 | D:1      | Noticed a redback
   433 | D:1      | Reached XP level 2. HP: 21/27 MP: 2/2
  1499 | D:2      | Reached XP level 3. HP: 33/33 MP: 3/3
  1613 | D:2      | Reached skill level 5 in Axes
  1995 | D:2      | Reached XP level 4. HP: 32/40 MP: 4/4
  2439 | D:3      | Reached XP level 5. HP: 47/47 MP: 5/5
  2463 | D:3      | Reached skill level 6 in Axes
  2463 | D:3      | Reached ** piety under Trog
  3082 | D:3      | Noticed Sigmund
  3090 | D:3      | Killed Sigmund
  3091 | D:3      | Reached skill level 5 in Fighting
  3091 | D:3      | Reached skill level 7 in Axes
  3091 | D:3      | Reached XP level 6. HP: 56/56 MP: 6/6
  3156 | D:3      | Found an iron altar of Okawaru.
  3850 | D:4      | Reached XP level 7. HP: 61/61 MP: 7/7
  3878 | D:4      | Found an ancient bone altar of Kikubaaqudgha.
  3904 | D:4      | Reached skill level 8 in Axes
  4218 | D:4      | Reached skill level 5 in Armour
  4269 | D:4      | Found Tirink's Antique Weapon Boutique.
  4333 | D:4      | Reached skill level 9 in Axes
  4657 | D:5      | Entered Level 5 of the Dungeon
  4892 | D:5      | Reached XP level 8. HP: 70/70 MP: 8/8
  5064 | D:5      | Reached *** piety under Trog
  5065 | D:5      | Reached skill level 10 in Axes
  5725 | D:5      | Reached skill level 11 in Axes
  6078 | D:5      | Found a radiant altar of Vehumet.
  6200 | D:5      | Found an opulent altar of Gozag.
  6200 | D:5      | Found a sparkling altar of Nemelex Xobeh.
  6545 | D:6      | Reached skill level 12 in Axes
  6545 | D:6      | Reached XP level 9. HP: 75/75 MP: 9/9
  6552 | D:6      | Reached skill level 1 in Evocations
  6818 | D:6      | Found a runed translucent gate.
  6820 | D:6      | Found a runed translucent gate.
  6821 | D:6      | Found a runed translucent gate.
  6823 | D:6      | Noticed SturgillTurtle's ghost (novice MiBe)
  7154 | D:6      | Reached **** piety under Trog
  7277 | D:6      | Found a staircase to the Ecumenical Temple.
  7294 | D:6      | Reached skill level 13 in Axes
  7297 | D:6      | Killed SturgillTurtle's ghost
  7584 | D:7      | Found a hide-covered altar of Uskayaw.
  7803 | D:7      | Reached skill level 14 in Axes
  8441 | D:7      | Reached skill level 15 in Axes
  8441 | D:7      | Reached XP level 10. HP: 75/83 MP: 10/10
  8676 | D:7      | Reached skill level 16 in Axes
  9068 | D:8      | Reached skill level 17 in Axes
  9565 | D:8      | Reached ***** piety under Trog
 10078 | D:9      | Reached skill level 18 in Axes
 10327 | D:9      | Reached skill level 19 in Axes
 10529 | D:9      | Found a sparkling altar of Nemelex Xobeh.
 10993 | D:10     | Entered Level 10 of the Dungeon
 11062 | D:10     | Identified a scroll of acquirement
 11062 | D:10     | Acquired a manual of Armour
 11088 | D:10     | Noticed a two-headed ogre
 11103 | D:10     | Killed a two-headed ogre
 11104 | D:10     | Reached skill level 20 in Axes
 11104 | D:10     | Reached XP level 11. HP: 89/89 MP: 11/11
 11372 | D:10     | Noticed an unseen horror
 11389 | D:10     | Killed an unseen horror
 11807 | D:10     | Noticed Psyche
 11815 | D:10     | Killed Psyche
 11983 | D:11     | Noticed Erica
 11990 | D:11     | Killed Erica
 11990 | D:11     | Received a gift from Trog
 12740 | D:11     | Found a staircase to the Lair.
 12747 | D:11     | Reached skill level 21 in Axes
 13008 | D:11     | Acquired 980 gold pieces
 13137 | D:12     | Noticed a manticore
 13147 | D:12     | Killed a manticore
 13148 | D:12     | Reached skill level 10 in Armour
 13232 | D:12     | Found a staircase to the Orcish Mines.
 13235 | D:12     | Found Tamor's Weapon Shoppe.
 13555 | D:12     | Noticed an unseen horror
 13567 | D:12     | Killed an unseen horror
 13750 | Lair:1   | Entered Level 1 of the Lair of Beasts
 13756 | Lair:1   | Noticed Grum
 13779 | Lair:1   | Killed Grum
 14079 | Lair:1   | Reached XP level 12. HP: 62/96 MP: 12/12
 14352 | Lair:1   | Noticed Gastronok
 14371 | Lair:1   | Killed Gastronok
 14864 | Lair:1   | Noticed a six-headed hydra
 14873 | Lair:1   | Killed a two-headed hydra
 15154 | Lair:2   | Found a frozen archway.
 15212 | IceCv    | Entered an ice cave
 15732 | IceCv    | Acquired a +1 executioner's axe of electrocution
 16159 | IceCv    | Received a gift from Trog
 16408 | Lair:2   | Reached skill level 15 in Armour
 16622 | Lair:2   | Noticed Maggie
 16633 | Lair:2   | Killed Maggie
 16648 | Lair:2   | Reached XP level 13. HP: 107/107 MP: 13/13
 16657 | Lair:2   | Reached skill level 22 in Axes
 16889 | Lair:2   | Found a hole to the Spider Nest.
 17259 | Lair:2   | Found a staircase to the Shoals.
 18072 | Lair:3   | Acquired a manual of Armour
 18518 | Lair:4   | Reached skill level 10 in Fighting
 19978 | Lair:5   | Received a gift from Trog
 20220 | Lair:5   | Reached XP level 14. HP: 83/126 MP: 11/14
 20608 | Lair:5   | Found a transporter.
 20624 | Lair:5   | Found a bloodstained altar of Trog.
 20624 | Lair:5   | Noticed Hamlark's ghost (journeyman HOFi)
 20632 | Lair:5   | Identified the +4 trident "Igycac" {flame, +Inv}
 20643 | Lair:5   | Found a transporter.
 20647 | Lair:5   | Identified the +5 trident of Gravity {antimagic, Int+3}
 20966 | Lair:5   | Found a staircase to the Slime Pits.
 20966 | Lair:5   | Found a viscous altar of Jiyva.
 21313 | Lair:6   | Entered Level 6 of the Lair of Beasts
 21404 | Lair:6   | Reached skill level 23 in Axes
 22063 | Lair:6   | Received a gift from Trog
 22661 | Lair:6   | Reached XP level 15. HP: 119/139 MP: 12/15
 22865 | Lair:6   | Reached skill level 15 in Fighting
 24109 | D:13     | Noticed Sonja
 24129 | D:13     | Cast into level 1 of the Abyss (Sonja)
 24243 | Abyss:1  | Received a gift from Trog
 24267 | Abyss:1  | Noticed a bone dragon
 24277 | Abyss:1  | Killed a bone dragon
 24323 | Abyss:1  | Reached skill level 24 in Axes
 24607 | Abyss:1  | Noticed a bone dragon
 24616 | Abyss:1  | Killed a bone dragon
 24619 | D:13     | Escaped the Abyss
 24623 | D:13     | Killed Sonja
 24991 | Orc:1    | Entered Level 1 of the Orcish Mines
 25001 | Orc:1    | Found a roughly hewn altar of Beogh.
 25042 | Orc:1    | Found a dark tunnel.
 25062 | Volcano  | Entered a volcano
 25225 | Volcano  | Reached skill level 25 in Axes
 25225 | Volcano  | Reached XP level 16. HP: 151/151 MP: 5/16
 25769 | Orc:2    | Entered Level 2 of the Orcish Mines
 25769 | Orc:2    | Found Ceucet's Jewellery Shop.
 25820 | Orc:2    | Reached XP level 17. HP: 139/158 MP: 5/17
 25965 | Orc:2    | Found a roughly hewn altar of Beogh.
 26044 | Orc:2    | Found Duekhiwi's Desiderata Depot.
 26111 | Orc:2    | Found a roughly hewn altar of Beogh.
 26113 | Orc:2    | Found Kodghyoza's Gadget Emporium.
 26134 | Orc:2    | Found a roughly hewn altar of Beogh.
 26147 | Orc:2    | Found Zaulu's Antique Armour Boutique.
 26152 | Orc:2    | Bought a pair of embroidered gloves for 187 gold pieces
 26276 | Orc:2    | Found a roughly hewn altar of Beogh.
 26295 | Orc:2    | Found a staircase to the Elven Halls.
 26365 | Orc:2    | Found a roughly hewn altar of Beogh.
 26439 | Orc:2    | Found a roughly hewn altar of Beogh.
 26534 | Orc:2    | Found a roughly hewn altar of Beogh.
 26720 | Orc:2    | Found Cioqeq's Antique Armour Shop.
 26721 | Orc:2    | Found a roughly hewn altar of Beogh.
 26722 | Orc:2    | Found Etrotzowk's Antique Weapon Boutique.
 26735 | Orc:2    | Bought a crude chain mail for 285 gold pieces
 26735 | Orc:2    | Bought a faintly humming chain mail for 285 gold pieces
 26735 | Orc:2    | Identified the +5 chain mail of Xyckiriv {rC- Str+3 Int+4}
                  | (You bought it in a shop on level 2 of the Orcish Mines)
 26736 | Orc:2    | Identified the +3 chain mail of Submission {Str+4} (You
                  | bought it in a shop on level 2 of the Orcish Mines)
 26870 | Shoals:1 | Entered Level 1 of the Shoals
 27013 | Orc:2    | Bought an uncursed ring of flight for 262 gold pieces
 27013 | Orc:2    | Bought a cursed ring of attention for 67 gold pieces
 27036 | Orc:2    | Bought a condenser vane for 520 gold pieces
 27567 | Shoals:1 | Found Etiqo's Assorted Antiques.
 27588 | Shoals:1 | Received a gift from Trog
 27609 | Shoals:1 | Bought a pair of embroidered boots for 180 gold pieces
 27992 | Shoals:1 | You fall into a shaft and drop 1 floor!
 28000 | Shoals:2 | Found Penka's General Store.
 28129 | Shoals:1 | Reached ****** piety under Trog
 28360 | Shoals:1 | Reached skill level 26 in Axes
 28360 | Shoals:1 | Reached skill level 5 in Evocations
 29481 | Shoals:2 | Noticed Louise
 29494 | Shoals:2 | Killed Louise
 31217 | Shoals:3 | Received a gift from Trog
 31389 | Shoals:3 | Noticed Ilsuiw
 31420 | Shoals:3 | Killed Ilsuiw
 32004 | Shoals:3 | Found Zakeah's Armour Shop.
 32133 | Shoals:4 | Entered Level 4 of the Shoals
 32432 | Shoals:4 | Reached XP level 18. HP: 139/169 MP: 6/18
 33667 | Shoals:4 | Reached skill level 5 in Dodging
 34351 | Shoals:4 | Killed from afar by a merfolk aquamancer

Illustrated notes

Levels and vault maps discovered:
D:1:      onia_arrival_zoo_common, layout_loops_ring, lemuel_flame_loot_1
D:2:      layout_rooms, cheibrodos_gnoll_hut
D:3:      layout_basic, kennysheep_okawaru_gauntlet, uniq_sigmund
D:4:      layout_cave_pods, kennysheep_vampire_church, serial_shops,
          kennysheep_mini
D:5:      cheibrodos_thug_alley, layout_cave_pools,
          grunt_temple_overflow_opulence, vehumet_statue,
          roderic_nine_men_s_morris
D:6:      layout_basic, minmay_temple_entry_sparse_star, gammafunk_ghost_split
D:7:      layout_gridville, eat_drink_and_be_merry_uskayaw, minmay_manual_moon
D:8:      layout_gridville, kennysheep_generic_room_9
D:9:      layout_cave_pods, nemelex_xobeh_ov_fountains_minmay
D:10:     layout_basic, uniq_psyche
D:11:     layout_gridville, lair_entry_dummy, uniq_erica
D:12:     layout_gridville, orc_david_3
D:13:     layout_irregular_city, minmay_misc_feat_iff, chequers_big_river,
          uniq_sonja
Lair:1:   layout_hall_layers, serial_bayou_pond_a, uniq_gastronok, uniq_grum
Lair:2:   layout_cave_pods, minmay_shoals_entry_lonely_mermaid,
          dummy_spider_entry, portal_ice_cave_rime, st_stairs_11,
          beast_lair_carwin_6, lemuel_fruit_fields, uniq_maggie
Lair:3:   layout_gridlike, lemuel_another_geyser
Lair:4:   layout_cellular_growth, minmay_lair_oklob_chamber
Lair:5:   beast_lair_carwin_large_3, layout_regular_city, slime_altar_1,
          gammafunk_ghost_wrathful_warriors
Lair:6:   minmay_lair_end_enchanted_forest, layout_regular_city
Shoals:1: cheibrodos_shoals_three_sisters, layout_shoals, serial_shops,
          shop_statue
Shoals:2: layout_shoals, serial_shops, nicolae_shop_behind_doors, uniq_louise
Shoals:3: layout_shoals, serial_shops, shop, uniq_ilsuiw
Shoals:4: shoals_end_hangedman, layout_shoals, shoal_ilsuiw
Orc:1:    layout_caves, enter_volcano_4, basic_altar
Orc:2:    grunt_orc_community_town_hall, layout_diamond_mine,
          grunt_orc_community_big_house_2, grunt_orc_community_big_house_1,
          grunt_orc_community_house_3, grunt_orc_community_house_2,
          grunt_orc_community_house_1, grunt_orc_community_house_3,
          grunt_orc_community_house_1, serial_shops, shop,
          nicolae_alphabet_shops, mines1_david

Skill      XL: |  1  2  3  4  5  6  7  8  9 10 11 12 13 14 15 16 17 18 |
---------------+-------------------------------------------------------+-----
Fighting       | 4 5 6 8 12 14 16 17 | 17.6
Axes           | 5 7 9 12 15 20 21 22 23 25 26 | 26.0
Armour         | 3 4 5 6 7 11 15 16 18 19 | 19.1
Evocations     | 3 8 9 |  9.5
Dodging        | 4 5 |  5.5

Action                   |  1- 3 |  4- 6 |  7- 9 | 10-12 | 13-15 | 16-18 || total
-------------------------+-------+-------+-------+-------+-------+-------++-------
Melee: Hand axe          |   129 |   168 |   461 |     4 |       |       ||   762
       War axe           |       |       |    23 |   269 |       |       ||   292
       Battleaxe         |       |       |       |   312 |       |       ||   312
       Executioner's axe |       |       |       |    67 |   765 |   688 ||  1520
       Broad axe         |       |       |       |       |    22 |       ||    22
Throw: Dart              |       |       |       |       |       |     1 ||     1
Invok: Berserk           |     1 |     2 |    12 |    11 |     3 |     2 ||    31
       Trog's Hand       |       |     1 |     2 |     5 |     8 |     6 ||    22
       Brothers in Arms  |       |       |     1 |       |     4 |     1 ||     6
 Abil: Evoke Flight      |       |       |       |       |       |    21 ||    21
       Stop Flying       |       |       |       |       |       |     1 ||     1
Evoke: Wand              |       |       |       |       |     3 |       ||     3
  Use: Scroll            |       |       |    15 |    18 |    10 |     3 ||    46
       Potion            |       |       |       |     2 |     3 |       ||     5
 Stab: Sleeping          |     2 |       |       |       |       |       ||     2
       Petrified         |       |       |       |       |    13 |       ||    13
       Petrifying        |       |       |       |       |     3 |       ||     3
Armor: Animal skin       |    19 |       |       |       |       |       ||    19
       Ring mail         |    17 |     3 |       |       |       |       ||    20
       Scale mail        |       |    93 |    99 |       |       |       ||   192
       Chain mail        |       |       |    97 |   136 |   510 |   341 ||  1084
       Plate armour      |       |       |       |   213 |       |       ||   213
Dodge: Dodged            |    90 |   100 |   205 |   244 |   475 |   403 ||  1517
Block: Other             |       |       |       |       |       |    70 ||    70
       Reflection        |       |       |       |       |       |    15 ||    15
